 Dungeon Crawl Stone Soup version 0.21-a0-404-g291f19a (webtiles) character file.

9923 rgaf the Slicer (level 11, -8/51 HPs)
             Began as a Vine Stalker Fighter on Oct 27, 2017.
             Was a Believer of Uskayaw.
             Killed from afar by Fannar (9 damage)
             ... with a bolt of cold
             ... on level 10 of the Dungeon.
             The game lasted 00:14:58 (9076 turns).

rgaf the Slicer (Vine Stalker Fighter)              Turns: 9076, Time: 00:14:59

Health: -8/51      AC: 10    Str: 19    XL:     11   Next: 54%
Magic:  0/16       EV: 11    Int:  8    God:    Uskayaw [**....]
Gold:   499        SH:  9    Dex: 17    Spells: 10/10 levels left

rFire    . . .     SeeInvis .   a - +0 rapier
rCold    . . .     Gourm    .   c - +0 shield
rNeg     . . .     Faith    .   b - +0 scale mail
rPois    .         Spirit   +   (no helmet)
rElec    .         Reflect  .   q - +1 cloak
rCorr    .         Harm     .   k - +1 pair of gloves
MR       +....     Clarity  +   (no boots)
Stlth    ++........             (no amulet)
HPRegen  0.57/turn              (no ring)
MPRegen  0.15/turn              t - +4 ring of evasion

@: no status effects
A: fangs 3, clarity, regeneration 1, magic shield, antimagic bite, no potion
heal 3, rot immunity, subdued magic 1
a: Stomp, Line Pass, Renounce Religion


You were on level 10 of the Dungeon.
You worshipped Uskayaw.
Uskayaw was noncommittal.
You were very hungry.

You visited 4 branches of the dungeon, and saw 13 of its levels.

You collected 739 gold pieces.
You spent 240 gold pieces at shops.

Inventory:

Hand Weapons
 a - a +0 rapier (weapon)
Armour
 b - a +0 scale mail (worn)
 c - a +0 shield (worn)
 k - a +1 pair of gloves (worn)
 q - a +1 cloak (worn)
Jewellery
 t - a +4 ring of evasion (right hand)
 D - a +2 amulet of reflection {unknown}
Wands
 n - a wand of polymorph (15/24)
 u - a wand of lightning (0/15)
 x - a wand of flame (36/48)
 H - a wand of paralysis (4/24)
Scrolls
 e - 2 scrolls of enchant armour
 m - 3 scrolls of remove curse
 w - 2 scrolls of recharging
 y - 2 scrolls of identify
 A - a scroll of magic mapping {unknown}
 B - a scroll of immolation {unknown}
 E - 2 scrolls of blinking
 F - a scroll of enchant weapon {unknown}
 G - a scroll of silence {unknown}
Potions
 d - a potion of might
 l - 2 potions of magic
 p - a potion of agility
 s - 3 potions of curing
 z - a potion of brilliance
Books
 o - a book of Maledictions

   Spells                             Type                      Level
   a - Corona                         Hexes                        1
   b - Ensorcelled Hibernation        Hexes/Ice                    2
   c - Confuse                        Hexes                        3
   d - Tukima's Dance                 Hexes                        3
   e - Dazzling Spray                 Conjuration/Hexes            3
 r - a book of Beasts

   Spells                             Type                      Level
   a - Summon Butterflies             Summoning                    1
   b - Call Canine Familiar           Summoning                    3
   c - Summon Ice Beast               Ice/Summoning                4
   d - Summon Mana Viper              Hexes/Summoning              5
   e - Summon Hydra                   Summoning                    7
Miscellaneous
 v - a phantom mirror
Comestibles
 f - 10 bread rations
 g - a meat ration
 i - 2 fruits
 j - a royal jelly


   Skills:
 - Level 2.6 Fighting
 - Level 14.1 Short Blades
 - Level 2.4 Armour
 + Level 5.8 Stealth
 - Level 2.6 Shields
 * Level 6.4 Invocations


You had 10 spell levels left.
You didn't know any spells.

Dungeon Overview and Level Annotations

Branches:
Dungeon (10/15)            Temple (1/1) D:6            Lair (1/6) D:8
    Orc (1/2) D:9

Altars:
Ashenzari
Cheibriados
Dithmenos
Elyvilon
Fedhas
Gozag
Hepliaklqana
Kikubaaqudgha
Makhleb
Nemelex Xobeh
Okawaru
Qazlal
Ru
Sif Muna
Trog
Uskayaw
Vehumet
Wu Jian
Xom
Yredelemnul
Zin
The Shining One

Shops:
D:5 (   D:7 !(

Annotations:
D:9 exclusion: statue
D:10 Fannar, Harold


Innate Abilities, Weirdness & Mutations

You have razor-sharp teeth.
Your natural rate of healing is unusually fast.
When hurt, damage is shared between your health and your magic reserves.
Your bite disrupts and absorbs the magic of your enemies.
Potions cannot restore your health.
You are immune to rotting.
You possess an exceptional clarity of mind.
Your spells are a little easier to cast, but a little less powerful.


Message History

You hit Fannar but do no damage. Your bite misses Fannar.
Fannar is moderately wounded.
Fannar hits you but does no damage. You block the ice beast's attack.
You can no longer pass through a line of other dancers.
You puncture Fannar! Your bite misses Fannar.
Fannar is moderately wounded.
Fannar mumbles some strange words.
Fannar drains the heat from the surrounding environment!
You feel very cold.
* * * LOW HITPOINT WARNING * * *
Fannar is frozen.
Fannar resists.
Fannar is moderately wounded.
The ice beast hits you but does no damage.
The ice beast closely misses you.
You can now pass through a line of other dancers.
You hit Fannar but do no damage. Your bite misses Fannar.
Fannar is moderately wounded.
Fannar casts a spell at you. The bolt of cold hits you!
You die...

#.## #.#.# #..#
#.#.# ##.#
##.#.# # #.#
##.#..##.# #.#
#.###(...#
#.####..#..####
#......#.#.##
########..)Y#
#...@# #..Y.e#
# ###.#.# .
#.#.# #(##. #.#
#. #.. .. ## .


You could see Fannar and 2 ice beasts.

Vanquished Creatures
  A tengu warrior (D:9)
  2 skeletal warriors (D:9)
  A cyclops (D:10)
  An elephant (D:8)
  Joseph (D:7)
  Sigmund (D:6)
  A spriggan (D:7)
  A vampire (D:10)
  A wraith (D:9)
  4 yaks
  A basilisk (D:8)
  A hungry ghost (D:7)
  An acid dragon (D:9)
  3 phantoms
  5 orc warriors
  A black bear (D:9)
  2 ice beasts (D:9)
  2 necrophages
  A sky beast (D:5)
  4 ogres
  4 centaurs
  A crocodile (D:9)
  8 bullfrogs
  A wyvern zombie (D:8)
  A scorpion (D:5)
  6 killer bees (D:8)
  10 wights
  2 centaur zombies
  3 quasits
  12 orc priests
  3 hounds
  2 bullfrog zombies
  15 orc wizards
  A bullfrog skeleton (D:8)
  A centaur skeleton (D:10)
  An iguana (D:9)
  Ijyb (D:4)
  7 worker ants
  2 hound zombies
  2 hound skeletons
  2 howler monkey zombies (D:8)
  4 gnolls
  17 adders
  4 shadow imps
  An adder skeleton (D:4)
  An adder zombie (D:5)
  2 worms
  2 dart slugs
  2 leopard geckos
  30 orcs
  6 giant cockroaches
  6 goblins
  7 hobgoblins
  15 jackals
  9 kobolds
  2 quokkas
  4 ball pythons
  5 bats
  3 frilled lizards
  A leopard gecko skeleton (D:6)
  2 quokka zombies
  5 rats
248 creatures vanquished.

Vanquished Creatures (collateral kills)
  A hound skeleton (D:6)
1 creature vanquished.

Vanquished Creatures (others)
  Psyche (D:10)
  An orc wizard (D:4)
2 creatures vanquished.

Grand Total: 251 creatures vanquished

Notes
Turn   | Place    | Note
-------+----------+-------------------------------------------
     0 | D:1      | rgaf the Vine Stalker Fighter began the quest for the Orb.
     0 | D:1      | Reached XP level 1. HP: 11/11 MP: 2/2
    47 | D:1      | Reached skill level 2 in Short Blades
   153 | D:1      | Reached XP level 2. HP: 16/16 MP: 3/3
   352 | D:1      | Reached skill level 3 in Short Blades
   358 | D:1      | Reached XP level 3. HP: 17/19 MP: 4/4
  1044 | D:2      | Gained mutation: Your natural rate of healing is unusually fast. [Vine Stalker growth]
  1044 | D:2      | Reached XP level 4. HP: 20/23 MP: 5/5
  1151 | D:2      | Reached skill level 4 in Short Blades
  1479 | D:2      | Reached XP level 5. HP: 27/27 MP: 6/6
  1849 | D:3      | Reached skill level 5 in Short Blades
  2194 | D:4      | Reached XP level 6. HP: 28/32 MP: 7/7
  2214 | D:4      | Reached skill level 6 in Short Blades
  2289 | D:4      | Noticed a phantom
  2335 | D:4      | Killed a phantom
  2517 | D:4      | Noticed Ijyb
  2577 | D:4      | Killed Ijyb
  2577 | D:4      | Reached XP level 7. HP: 35/35 MP: 8/8
  2946 | D:4      | Reached skill level 7 in Short Blades
  3296 | D:5      | Entered Level 5 of the Dungeon
  3493 | D:5      | Reached skill level 8 in Short Blades
  3528 | D:5      | Found Maf Jush's Weapon Boutique.
  3599 | D:5      | Gained mutation: You have razor-sharp teeth. [Vine Stalker growth]
  3599 | D:5      | Reached XP level 8. HP: 39/39 MP: 9/9
  4289 | D:6      | Found a staircase to the Ecumenical Temple.
  4312 | Temple   | Entered the Ecumenical Temple
  4596 | Temple   | Became a worshipper of Uskayaw the Reveler
  4626 | D:6      | Reached * piety under Uskayaw
  4632 | D:6      | Reached skill level 9 in Short Blades
  4707 | D:6      | Reached ** piety under Uskayaw
  4778 | D:6      | Reached *** piety under Uskayaw
  5010 | D:6      | Reached skill level 10 in Short Blades
  5136 | D:6      | Noticed Sigmund
  5147 | D:6      | Killed Sigmund
  5147 | D:6      | Reached XP level 9. HP: 37/43 MP: 10/10
  5252 | D:7      | Paralysed by fainting for 5 turns
  5274 | D:7      | Found Jetixucorch's Distillery.
  5336 | D:7      | Bought a potion of lignification for 45 gold pieces
  5336 | D:7      | Bought a potion of berserk rage for 75 gold pieces
  5336 | D:7      | Bought a potion of mutation for 120 gold pieces
  5336 | D:7      | Gained mutation: You are weak. (Str -2) [potion of mutation]
  5336 | D:7      | Gained mutation: You are partially covered in large bone plates. (SH +4) [potion of mutation]
  5337 | D:7      | Lost mutation: You are weak. (Str -2) [potion of mutation]
  5337 | D:7      | Lost mutation: You are partially covered in large bone plates. (SH +4) [potion of mutation]
  5337 | D:7      | Gained mutation: Your spells are a little easier to cast, but a little less powerful. [potion of mutation]
  5337 | D:7      | Gained mutation: You possess an exceptional clarity of mind. [potion of mutation]
  5368 | D:7      | Reached skill level 11 in Short Blades
  5462 | D:7      | HP: 2/43 [ogre/giant club (22)]
  5673 | D:7      | Reached **** piety under Uskayaw
  5674 | D:7      | Reached ***** piety under Uskayaw
  5714 | D:7      | Noticed Joseph
  5728 | D:7      | Killed Joseph
  5770 | D:7      | Found Usexo's Weapon Boutique.
  5808 | D:7      | Reached skill level 12 in Short Blades
  6354 | D:8      | Found a staircase to the Lair.
  6354 | D:8      | Noticed an elephant
  6647 | D:9      | Reached XP level 10. HP: 34/47 MP: 11/11
  6659 | D:9      | Found a sacrificial altar of Ru.
  6681 | D:9      | Found a stormy altar of Qazlal.
  6684 | D:10     | Entered Level 10 of the Dungeon
  6834 | D:10     | Noticed a cyclops
  6853 | D:10     | Killed a cyclops
  6853 | D:10     | Reached skill level 13 in Short Blades
  6994 | D:9      | Found a radiant altar of Vehumet.
  7022 | D:9      | Found a staircase to the Orcish Mines.
  7088 | D:9      | Noticed a tengu warrior
  7091 | D:9      | Reached ****** piety under Uskayaw
  7102 | D:9      | Killed a tengu warrior
  7225 | D:9      | Reached skill level 14 in Short Blades
  7454 | D:8      | Reached skill level 1 in Stealth
  7454 | D:8      | Reached skill level 1 in Invocations
  7739 | D:8      | Killed an elephant
  7739 | D:8      | Reached XP level 11. HP: 31/51 MP: 12/14
  7943 | D:8      | Found a blossoming altar of Fedhas.
  8070 | Lair:1   | Entered Level 1 of the Lair of Beasts
  8223 | D:9      | Noticed a skeletal warrior
  8252 | D:9      | Noticed a skeletal warrior
  8369 | D:9      | Killed a skeletal warrior
  8397 | D:9      | Reached skill level 5 in Invocations
  8415 | D:9      | Killed a skeletal warrior
  8415 | D:9      | Reached skill level 5 in Stealth
  8777 | Orc:1    | Entered Level 1 of the Orcish Mines
  8854 | D:10     | Noticed Harold
  8862 | D:10     | Noticed a two-headed ogre
  9029 | D:10     | Noticed Psyche
  9042 | D:10     | Noticed Fannar
  9044 | D:10     | Killed Psyche
  9075 | D:10     | HP: 1/51 [Fannar/Ozocubu's Refrigeration (11)]
  9076 | D:10     | Killed from afar by Fannar

Vault maps used:
D:1:      nzn_arrival_settlement, hangedman_abyss_or_decor_lesser_grid
D:4:      minmay_a_box_with_orc_wizards_in_it, uniq_ijyb
D:5:      serial_shops, shop, first_bread
D:6:      minmay_temple_entry_overgrown, uniq_sigmund
D:7:      serial_shops, shop_coins, shop, the_bakery, uniq_joseph
D:8:      david_lair_generic, basic_altar
D:9:      minmay_the_grid_octo_2x2, vehumet_statue, orc_0_dummy, basic_altar,
          nicolae_ru_awakened_eye
D:10:     uniq_harold, uniq_fannar, uniq_psyche
Temple:   roderic_octagonal_lattice_temple
Lair:1:   lemuel_fruit_tree, grunt_megastairs_5

Skill      XL: |  1  2  3  4  5  6  7  8  9 10 11 |
---------------+----------------------------------+-----
Short Blades   | 2 3 4 5 6 8 10 12 14 | 14.1
Stealth        | 2 5 |  5.8
Invocations    | 3 6 |  6.4
Fighting       | |  2.6
Armour         | |  2.4
Shields        | |  2.6

Action                   |  1- 3 |  4- 6 |  7- 9 | 10-12 || total
-------------------------+-------+-------+-------+-------++-------
Melee: Rapier            |   109 |   197 |   478 |   488 ||  1272
       Bite              |    22 |    72 |   158 |   156 ||   408
Evoke: Wand              |       |       |       |     4 ||     4
  Use: Scroll            |       |       |    19 |     1 ||    20
       Potion            |       |       |     3 |     5 ||     8
 Stab: Paralysed         |       |       |     5 |    19 ||    24
       Distracted        |       |       |       |     1 ||     1
       Sleeping          |       |       |       |     1 ||     1
  Eat: Chunk             |       |     6 |    15 |     8 ||    29
Armor: Scale mail        |    40 |    53 |   170 |   129 ||   392
       Skin              |       |       |       |    28 ||    28
Dodge: Dodged            |    24 |    28 |   103 |   115 ||   270
Block: Shield            |    42 |    84 |   177 |   137 ||   440

Table legend:
 A = Spawn XP
 B = Non-spawn XP
 C = Spawn XP percentage of total XP
 D = Spawn monster count
 E = Non-spawn monster count
 F = Spawn count percentage of total count
 G = Total turns spent on level
                    A         B        C        D         E        F      G
               +---------+---------+-------+---------+---------+-------+---------
         Total |       0 |   14176 |   0.0 |       0 |     251 |   0.0 |  9076
               +---------+---------+-------+---------+---------+-------+---------
           D:1 |       0 |      43 |   0.0 |       0 |      26 |   0.0 |   890
           D:2 |       0 |     123 |   0.0 |       0 |      24 |   0.0 |   694
           D:3 |       0 |      86 |   0.0 |       0 |      15 |   0.0 |   564
           D:4 |       0 |     535 |   0.0 |       0 |      17 |   0.0 |  1148
           D:5 |       0 |     642 |   0.0 |       0 |      24 |   0.0 |   853
           D:6 |       0 |     977 |   0.0 |       0 |      25 |   0.0 |   775
           D:7 |       0 |    2074 |   0.0 |       0 |      28 |   0.0 |  1168
           D:8 |       0 |    1775 |   0.0 |       0 |      23 |   0.0 |  1064
           D:9 |       0 |    5899 |   0.0 |       0 |      52 |   0.0 |  1152
          D:10 |       0 |    1941 |   0.0 |       0 |      16 |   0.0 |   450
        Lair:1 |       0 |      81 |   0.0 |       0 |       1 |   0.0 |     7
               +---------+---------+-------+---------+---------+-------+---------
